 Dungeon Crawl Stone Soup version 0.17-a0-1522-g6c5b4ba (webtiles) character file.

28975 George the Carver (level 13, -5/106 HPs)
             Began as a Demonspawn Gladiator on July 14, 2015.
             Was the Champion of Okawaru.
             Slain by a deep troll (8 damage)
             ... on level 4 of the Orcish Mines.
             The game lasted 01:14:08 (20600 turns).

George the Carver (Demonspawn Gladiator)           Turns: 20600, Time: 01:14:08

Health: -5/106     AC: 26    Str: 26    XL:     13   Next: 12%
Magic:  21/21      EV:  9    Int: 10    God:    Okawaru [******]
Gold:   3173       SH:  0    Dex: 15    Spells: 0 memorised, 12 levels left

rFire  . . .     SeeInvis +     L - +6 triple sword (vamp)
rCold  + + .     Clarity  .     V - +0 plate armour
rNeg   . . .     SustAt   .     (no shield)
rPois  +         Gourm    .     w - +0 hat {SInv}
rElec  .         Spirit   .     s - +2 cloak {rPois}
rCorr  .         Warding  .     (no gloves)
rMut   .         Stasis   .     (no boots)
MR     .....                    P - amulet of faith
Stlth  ..........               f - +5 ring of protection
                                B - ring of Useprum {rC+ Str+7}

@: drained, not resistant to hostile enchantments, extremely unstealthy
A: claws 2, icy blue scales 3, nightstalker 1, spiny 1
a: Heroism, Finesse, Renounce Religion


You were on level 4 of the Orcish Mines.
You worshipped Okawaru.
Okawaru was exalted by your worship.
You were not hungry.

You visited 2 branches of the dungeon, and saw 15 of its levels.
You also visited: Bailey and Ice Cave.

You collected 3173 gold pieces.

Inventory:

Hand weapons
 n - a +0 short sword of venom
 x - a +1 demon blade of venom
 H - the +8 hand crossbow "Odocih" {penet, rN+}
   (You found it on level 7 of the Dungeon)

   Ammo fired by it will pass through the targets it hits, potentially hitting
   all targets in its path until it reaches maximum range.
   It protects you from negative energy.
 L - a +6 vampiric triple sword (weapon)
 Z - a +4 great sword of draining
Missiles
 d - 3 throwing nets
 W - 34 tomahawks of returning (quivered)
Armour
 s - a +2 cloak of poison resistance (worn)
 w - a +0 hat of see invisible (worn)
 V - a +0 plate armour (worn)
Jewellery
 f - a +5 ring of protection (right claw)
 k - an uncursed amulet of resist corrosion
 p - an uncursed ring of ice
 q - the ring "Jesah" {rN+ SInv}
   (You found it in an ice cave)

   [ring of see invisible]

   It protects you from negative energy.
   It lets you see invisible.
 B - the ring of Useprum (left claw) {rC+ Str+7}
   (You found it on level 4 of the Dungeon)

   [ring of protection from cold]

   It affects your strength (+7).
   It protects you from cold.
 E - an uncursed ring of protection from fire
 P - an amulet of faith (around neck)
Magical devices
 t - a wand of slowing (44)
 z - a wand of cold (3)
 N - a wand of confusion (26)
 S - a wand of magic darts (16)
 U - a wand of enslavement (16)
Scrolls
 l - 4 scrolls of enchant armour
 u - a scroll of fog
 y - a scroll of recharging
 G - a scroll of amnesia
 J - a scroll of remove curse
 R - 3 scrolls of enchant weapon
 X - 3 scrolls of teleportation
Potions
 g - a potion of cancellation
 m - a potion of poison {unknown}
 A - 2 potions of might
 C - a potion of mutation
 D - a potion of magic
 I - 3 potions of flight
 K - 2 potions of curing
 M - a potion of berserk rage
 O - a potion of ambrosia
 Q - a potion of heal wounds
Miscellaneous
 Y - a disc of storms
Comestibles
 e - 10 bread rations
 i - 11 beef jerkies
 o - a meat ration
 r - a fruit
 v - 3 slices of pizza


   Skills:
 + Level 11.0(10.6) Fighting
 + Level 12.6(12.2) Long Blades
 - Level 1.7(1.4) Throwing
 + Level 9.6(9.3) Armour
 + Level 5.6(5.2) Dodging
 - Level 10.7(10.3) Invocations


You had 12 spell levels left.
You didn't know any spells.

Dungeon Overview and Level Annotations

Branches:
Dungeon (11/15)            Temple (0/1) D:7            Lair (0/8) D:8
    Orc (4/4) D:11            Elf (0/3) Orc:4

Altars:
Ashenzari
Fedhas
Gozag
Okawaru
Vehumet
Xom
The Shining One
Beogh

Shops:
D:7 %   D:11 =}%*[(

Annotations:
D:8 4 runed doors


Innate Abilities, Weirdness & Mutations

You have very sharp fingernails.
You are completely covered in icy blue scales (AC +4, EV -1, rC+).
You are slightly more attuned to the shadows.
You are partially covered in sharp spines.


Message History

The sixfirhy hits you but does no damage.
The sixfirhy is struck by your spines. The sixfirhy barely misses you.
The orc sorcerer is struck by your spines.
The orc sorcerer hits you but does no damage.
The blue devil is struck by your spines.
The blue devil hits you but does no damage.
The deep troll bites you but does no damage.
The deep troll claws you!
* * * LOW HITPOINT WARNING * * *
The deep troll claws you but does no damage.
The orc closely misses you.
You hit the orc sorcerer.
You kill the orc sorcerer!
Okawaru accepts your kill.
The sixfirhy disappears in a puff of smoke!
The blue devil disappears in a puff of smoke!
The deep troll bites you!
* * * LOW HITPOINT WARNING * * *
The deep troll claws you!
You die...

..... ##### ##)).......
....###...######).......
#..........##.##.....#.#
##.#..).........)........
#......[)....#...........
#.##.......#............
#......###>..........
#.)§....#............
##o§@................
#)#T)................
#.)$)................
#.....................
##..................
......#...........
...................
.............<......


You could see a deep troll and an orc.

Vanquished Creatures
  Rupert (Orc:3)
  2 ice dragons (IceCv)
  A hydra (D:11)
  An ogre mage (Orc:4)
  Erolcha (Orc:2)
  Sonja (D:11)
  A deep troll (Orc:4)
  2 ice statues (IceCv)
  4 hill giants
  2 orc sorcerers
  3 orc knights
  A cyclops (D:11)
  A manticore (D:11)
  Psyche (D:11)
  A komodo dragon (D:11)
  7 two-headed ogres
  Prince Ribbit (D:4)
  3 trolls
  A trapdoor spider (D:11)
  2 wyverns (D:9)
  3 hippogriffs
  11 yaks
  A hungry ghost (D:8)
  Grum (D:11)
  2 wolves (D:11)
  Edmund (D:4)
  A water moccasin (D:8)
  A black bear (D:10)
  12 orc warriors
  24 ice beasts
  3 necrophages
  A phantom (D:7)
  A sky beast (D:9)
  A wasp (D:8)
  32 ogres
  2 big kobolds
  4 centaurs
  4 giant frogs
  A gnoll sergeant (D:9)
  A wyvern skeleton (D:11)
  9 scorpions
  5 killer bees (D:7)
  4 wights (D:8)
  5 crimson imps
  A giant frog zombie (D:7)
  28 orc wizards
  Crazy Yiuf (D:5)
  A centaur skeleton (D:4)
  3 giant frog skeletons
  3 iguanas
  6 hounds
  3 jellies
  10 orc priests
  Terence (D:3)
  14 worker ants
  12 gnolls
  11 adders
  2 shadow imps
  3 oozes
  4 adder skeletons
  2 adder zombies
  6 giant geckos
  143 orcs
  A bat zombie (D:7)
  8 giant cockroaches
  30 goblins
  26 hobgoblins
  33 kobolds
  3 quokkas
  4 ball pythons
  17 bats
  A giant gecko skeleton (D:6)
  4 giant newts
  2 jackals (D:1)
  A quokka skeleton (D:6)
  2 quokka zombies (D:5)
  16 rats
  A fungus (D:4)
570 creatures vanquished.

Vanquished Creatures (others)
  3 fungi (D:4)
3 creatures vanquished.

Grand Total: 573 creatures vanquished

Notes
Turn   | Place    | Note
--------------------------------------------------------------
     0 | D:1      | George the Demonspawn Gladiator began the quest for the Orb.
     0 | D:1      | Reached XP level 1. HP: 16/16 MP: 1/1
    64 | D:1      | Reached skill level 3 in Long Blades
   322 | D:1      | Gained mutation: You are slightly more attuned to the shadows. [demonic ancestry]
   322 | D:1      | Reached XP level 2. HP: 16/22 MP: 2/2
   708 | D:1      | Reached XP level 3. HP: 27/27 MP: 3/3
   935 | D:1      | Reached skill level 4 in Long Blades
  1404 | D:2      | Reached XP level 4. HP: 33/33 MP: 4/4
  2545 | D:3      | Noticed Terence
  2567 | D:3      | Killed Terence
  2567 | D:3      | Reached skill level 5 in Long Blades
  3153 | D:4      | Reached XP level 5. HP: 38/38 MP: 5/5
  3302 | D:4      | Got a crude silver ring
  3304 | D:4      | Identified the ring of Useprum {rC+ Str+7} (You found it on level 4 of the Dungeon)
  3549 | D:4      | Found an iron altar of Okawaru.
  3549 | D:4      | Found a glowing golden altar of the Shining One.
  3549 | D:4      | Found a radiant altar of Vehumet.
  3549 | D:4      | Found a shattered altar of Ashenzari.
  3551 | D:4      | Found a blossoming altar of Fedhas.
  3556 | D:4      | Became a worshipper of Warmaster Okawaru
  3650 | D:4      | Noticed Edmund
  3670 | D:4      | Killed Edmund
  3670 | D:4      | Gained mutation: You have sharp fingernails. [demonic ancestry]
  3670 | D:4      | Reached XP level 6. HP: 33/44 MP: 5/7
  3766 | D:4      | Reached skill level 6 in Long Blades
  3907 | D:4      | Noticed a necrophage
  3921 | D:4      | Killed a necrophage
  4533 | D:4      | Gained mutation: You are partially covered in icy blue scales (AC +1). [demonic ancestry]
  4533 | D:4      | Reached XP level 7. HP: 44/49 MP: 10/10
  4685 | D:4      | Acquired Okawaru's first power
  4726 | D:4      | Reached skill level 5 in Invocations
  4782 | D:5      | Entered Level 5 of the Dungeon
  4782 | D:5      | Noticed Prince Ribbit
  4830 | D:4      | Killed Prince Ribbit
  4830 | D:4      | Reached skill level 7 in Long Blades
  4963 | D:5      | Reached XP level 8. HP: 41/56 MP: 13/13
  5160 | D:5      | Noticed Crazy Yiuf
  5167 | D:5      | Paralysed by Crazy Yiuf for 5 turns
  5178 | D:5      | Killed Crazy Yiuf
  5952 | D:5      | Reached skill level 8 in Long Blades
  6266 | D:6      | Found an opulent altar of Gozag.
  6879 | D:7      | Found Fafen's Food Shoppe.
  6891 | D:7      | Reached skill level 1 in Armour
  6910 | D:7      | Gained mutation: You are partially covered in sharp spines. [demonic ancestry]
  6910 | D:7      | Reached XP level 9. HP: 40/63 MP: 15/15
  6916 | D:7      | Reached skill level 9 in Invocations
  7174 | D:7      | You fall through a shaft for 3 floors!
  7174 | D:10     | Entered Level 10 of the Dungeon
  7609 | D:8      | Found a staircase to the Lair.
  7616 | D:8      | Found a huge runed gate.
  7618 | D:8      | Found a huge runed gate.
  7618 | D:8      | Found a huge runed gate.
  7618 | D:8      | Noticed a death yak
  7619 | D:8      | Found a huge runed gate.
  7619 | D:8      | Noticed a griffon
  7619 | D:8      | Noticed a griffon
  7620 | D:8      | Noticed a griffon
  7690 | D:8      | Found a flagged portal.
  7707 | Bailey   | Entered a bailey
  7725 | Bailey   | Noticed an orc knight
  7735 | Bailey   | Noticed an orc knight
  7961 | Bailey   | Killed an orc knight
  7961 | Bailey   | Reached skill level 5 in Fighting
  7961 | Bailey   | Reached skill level 10 in Invocations
  8083 | Bailey   | Killed an orc knight
  8083 | Bailey   | Acquired Okawaru's second power
  8083 | Bailey   | Gained mutation: You are mostly covered in icy blue scales (AC +3, EV -1). [demonic ancestry]
  8083 | Bailey   | Reached XP level 10. HP: 34/74 MP: 17/17
  9397 | D:7      | Found a staircase to the Ecumenical Temple.
  9431 | D:7      | Got an ichor-stained hand crossbow
  9432 | D:7      | Identified the +8 hand crossbow "Odocih" {penet, rN+} (You found it on level 7 of the Dungeon)
  9894 | D:7      | Noticed a troll
  9907 | D:7      | Killed a troll
  9907 | D:7      | Reached skill level 10 in Long Blades
  9907 | D:7      | Reached skill level 5 in Armour
 10570 | D:9      | Found a shimmering altar of Xom.
 10570 | D:9      | Found a shimmering altar of Xom.
 10882 | D:9      | Found a shimmering altar of Xom.
 10883 | D:9      | Found a shimmering altar of Xom.
 10883 | D:9      | Noticed a lindwurm
 10887 | D:9      | Found a shimmering altar of Xom.
 10887 | D:9      | Found a shimmering altar of Xom.
 10887 | D:9      | Found a shimmering altar of Xom.
 11084 | D:9      | Found a shimmering altar of Xom.
 11122 | D:9      | Noticed a lindwurm
 11465 | D:9      | Noticed a salamander
 11876 | D:10     | Received a gift from Okawaru
 11957 | D:10     | Gained mutation: You are completely covered in icy blue scales (AC +4, EV -1, rC+). [demonic ancestry]
 11957 | D:10     | Reached XP level 11. HP: 45/84 MP: 19/19
 12678 | D:11     | Noticed a hill giant
 12688 | D:11     | Found Qeanuobe's Food Boutique.
 12698 | D:11     | Killed a hill giant
 12703 | D:11     | Noticed a hill giant
 12713 | D:11     | Killed a hill giant
 12733 | D:11     | Found Xosai's Armour Boutique.
 12746 | D:11     | Found Qahonut's General Store.
 12756 | D:11     | Found a staircase to the Orcish Mines.
 12831 | D:11     | Noticed Psyche
 12837 | D:11     | Killed Psyche
 12877 | D:11     | Found Nueqorche's Weapon Shoppe.
 12914 | D:11     | Found a frozen archway.
 12945 | D:11     | Reached skill level 11 in Long Blades
 13078 | IceCv    | Entered an ice cave
 13294 | IceCv    | Noticed an ice statue
 13434 | IceCv    | Received a gift from Okawaru
 13531 | IceCv    | Killed an ice statue
 13692 | IceCv    | Noticed an ice statue
 13711 | IceCv    | Killed an ice statue
 13982 | IceCv    | Noticed an ice dragon
 13982 | IceCv    | Noticed an ice dragon
 13999 | IceCv    | Killed an ice dragon
 14137 | IceCv    | Killed an ice dragon
 14382 | IceCv    | Got a vibrating bone ring
 14402 | IceCv    | Identified the ring "Jesah" {rN+ SInv} (You found it in an ice cave)
 14746 | D:11     | Noticed Sonja
 15492 | D:11     | Found Atim's Quality Used Wands.
 15566 | D:11     | Killed Sonja
 15566 | D:11     | Reached XP level 12. HP: 87/96 MP: 20/20
 15591 | D:11     | Noticed a hill giant
 15599 | D:11     | Killed a hill giant
 15599 | D:11     | Received a gift from Okawaru
 15910 | D:11     | Noticed a seven-headed hydra
 16480 | D:11     | Noticed Grum
 16481 | D:11     | Found Bareagra's Jewellery Shoppe.
 16481 | D:11     | HP: 4/97 [wolf[Grum] (6)]
 16482 | D:11     | Killed a seven-headed hydra
 16491 | D:11     | HP: 3/97 [wolf[Grum] (1)]
 16510 | D:11     | HP: 3/97 [Grum/enchanted spear (2)]
 16512 | D:11     | Killed Grum
 17287 | Orc:1    | Entered Level 1 of the Orcish Mines
 17342 | Orc:1    | Reached skill level 10 in Fighting
 17448 | Orc:1    | Found a roughly hewn altar of Beogh.
 18205 | Orc:3    | Received a gift from Okawaru
 18216 | Orc:3    | Reached skill level 12 in Long Blades
 19621 | Orc:2    | Noticed Erolcha
 19646 | Orc:2    | Killed Erolcha
 20081 | Orc:3    | Noticed Rupert
 20111 | Orc:3    | Killed Rupert
 20111 | Orc:3    | Reached skill level 5 in Dodging
 20320 | Orc:4    | Entered Level 4 of the Orcish Mines
 20331 | Orc:4    | Noticed an ogre mage
 20351 | Orc:4    | Gained mutation: You have very sharp fingernails. [demonic ancestry]
 20351 | Orc:4    | Reached XP level 13. HP: 59/105 MP: 21/21
 20362 | Orc:4    | Killed an ogre mage
 20362 | Orc:4    | Received a gift from Okawaru
 20366 | Orc:4    | Found a staircase to the Elven Halls.
 20600 | Orc:4    | HP: 3/106 [deep troll (14)]
 20600 | Orc:4    | Slain by a deep troll

Vault maps used:
D:1:      minmay_arrival_wavy_path
D:3:      kennysheep_pointless_box, uniq_terence
D:4:      old_forge, minitemple, uniq_edmund
D:5:      first_bread, roderic_st_hans_cross, grunt_ministairs_2,
          uniq_crazy_yiuf_cottage, uniq_prince_ribbit1
D:6:      nicolae_gozag_seed_capital, lemuel_another_geyser
D:7:      minmay_temple_entry_statues_fountains, serial_shops,
          nicolae_shop_crystal
D:8:      lemuel_bear_cage, lair_0_dummy, enter_bailey_3,
          minmay_misc_feat_nine_boxes
D:9:      xom_shifter_show, grunt_ogre_cave
D:11:     orc_0_dummy, portal_ice_cave_entry_ice_beasts, serial_shops,
          nicolae_shop_temple_entry_statues_fountains, shop_fountains, shop,
          shop_coins, nicolae_shop_trees, nicolae_for_you_no_charge, uniq_sonja,
          uniq_psyche, uniq_grum
Orc:1:    nicolae_orc_accident_3, basic_altar
Orc:2:    lemuel_ogre_cave
Orc:3:    nicolae_orc_pool_cavern, uniq_rupert
Orc:4:    st_orc_open, serial_shops, nicolae_shop_window_shopping
Bailey:   bailey_axe_4, bailey
IceCv:    ice_cave_small_dragons

Action                   |  1- 3 |  4- 6 |  7- 9 | 10-12 | 13-15 || total
-------------------------+-------+-------+-------+-------+-------++-------
Melee: Long sword        |   114 |   201 |   376 |       |       ||   691
       Falchion          |       |       |   112 |    69 |       ||   181
       Great sword       |       |       |       |   389 |       ||   389
       Demon blade       |       |       |       |   330 |       ||   330
       Triple sword      |       |       |       |    24 |    39 ||    63
       Short sword       |       |       |       |    10 |       ||    10
Throw: Tomahawk          |       |       |    49 |    35 |       ||    84
       Throwing net      |       |       |     4 |       |       ||     4
Invok: Heroism           |       |       |     2 |     3 |       ||     5
       Finesse           |       |       |       |     1 |       ||     1
Evoke: Wand              |       |       |     4 |     8 |       ||    12
  Use: Scroll            |     2 |     4 |    13 |     5 |       ||    24
       Potion            |       |       |     4 |     5 |       ||     9
 Stab: Sleeping          |     5 |     4 |       |       |       ||     9
       Invisible         |       |       |     6 |       |       ||     6
       Held in net/web   |       |       |     1 |       |       ||     1
  Eat: Chunk             |     1 |     9 |    13 |    34 |       ||    57
       Beef jerky        |       |     1 |       |       |       ||     1
       Fruit             |       |       |       |     7 |       ||     7
       Meat ration       |       |       |       |     1 |       ||     1
